 Dungeon Crawl Stone Soup version 0.19.1-1-g22dce08 (webtiles) character file.

97 esteth the Chopper (level 4, -1/40 HPs)
             Began as a Minotaur Berserker on Jan 3, 2017.
             Was a Believer of Trog.
             Slain by an ogre
             ... wielding a +0 giant club
              (10 damage)
             ... on level 2 of the Dungeon.
             The game lasted 00:03:44 (1652 turns).

esteth the Chopper (Minotaur Berserker)             Turns: 1652, Time: 00:03:45

Health: -1/40      AC:  5    Str: 23    XL:     4   Next: 42%
Magic:  3/3        EV:  8    Int:  4    God:    Trog [**....]
Gold:   103        SH:  7    Dex:  9    Spells: 0 memorised, 3 levels left

rFire  . . .     SeeInvis .     a - +0 hand axe
rCold  . . .     Gourm    .     d - +0 ring mail
rNeg   . . .     Faith    .     h - +0 shield
rPois  .         Spirit   .     (helmet restricted)
rElec  .         Reflect  .     (no cloak)
rCorr  .         Harm     .     (no gloves)
MR     .....                    (no boots)
Stlth  ..........               (no amulet)
                                (no ring)
                                (no ring)

@: no status effects
A: retaliatory headbutt, horns 2
a: Berserk, Trog's Hand, Burn Spellbooks, Renounce Religion


You were on level 2 of the Dungeon.
You worshipped Trog.
Trog was pleased with you.
You were not hungry.

You visited 1 branch of the dungeon, and saw 2 of its levels.

You collected 103 gold pieces.

Inventory:

Hand Weapons
 a - a +0 hand axe (weapon)
Armour
 b - a +0 animal skin
 d - a +0 ring mail (worn)
 h - a +0 shield (worn)
Jewellery
 j - an uncursed ring of magical power {unknown}
Scrolls
 e - a scroll of teleportation {unknown}
 g - 3 scrolls of recharging {unknown}
 n - a scroll of fog {unknown}
Potions
 f - 2 potions of heal wounds {unknown}
 k - a potion of lignification {unknown}
 l - a potion of curing {unknown}
 m - a potion of might {unknown}
Comestibles
 c - 2 bread rations
 i - a meat ration


   Skills:
 - Level 3.7 Fighting
 + Level 6.1 Axes
 - Level 2.7 Armour
 - Level 2.3 Dodging


You had 3 spell levels left.
You didn't know any spells.

Dungeon Overview and Level Annotations

Branches:
Dungeon (2/15)

Altars:
Cheibriados


Innate Abilities, Weirdness & Mutations

You reflexively headbutt those who attack you in melee.
You have a pair of horns on your head.


Message History

Trog accepts your kill.
No target in view!
Found a stone staircase leading up.
l - a blue potion You now have 103 gold pieces (gained 9).
Things that are here:
an uncursed hunting sling; 3 stones There isn't anything to butcher here.
An ogre comes into view. It is wielding a giant club.
The ogre shouts!
You block the ogre's attack.
You hit the ogre.
The ogre is lightly wounded.
The ogre hits you with a giant club!!
Ouch! That really hurt!
* * * LOW HITPOINT WARNING * * *
You slash the ogre!
The ogre is moderately wounded.
The ogre hits you with a giant club!
You die...

##.....## ##.......##
#.........#
##.........#
...........#
#.........#
#####......# ########
#....O....#####.<...##
#.###@......##........
#....#.#...........>
#.........#.........
#....#.#.##...).....
#........##.........
#.......###.........
##.....## #.........
####.######........
#....#######....


You could see an ogre.

Vanquished Creatures
  3 gnolls (D:2)
  An adder (D:2)
  An ooze (D:1)
  A worm (D:2)
  4 dart slugs
  3 leopard geckos
  A giant cockroach (D:1)
  8 hobgoblins
  A quokka (D:2)
  A ball python (D:1)
  3 bats (D:1)
  A frilled lizard (D:1)
  3 goblins (D:1)
  8 kobolds
  6 rats
45 creatures vanquished.

Notes
Turn   | Place    | Note
-------+----------+-------------------------------------------
     0 | D:1      | esteth the Minotaur Berserker began the quest for the Orb.
     0 | D:1      | Reached XP level 1. HP: 19/19 MP: 0/0
   296 | D:1      | Reached XP level 2. HP: 26/27 MP: 1/1
   312 | D:1      | Reached skill level 4 in Axes
   600 | D:1      | Reached XP level 3. HP: 28/33 MP: 2/2
   767 | D:1      | Reached ** piety under Trog
   926 | D:1      | Reached skill level 5 in Axes
  1200 | D:2      | Reached XP level 4. HP: 29/40 MP: 3/3
  1220 | D:2      | Found a snail-covered altar of Cheibriados.
  1542 | D:2      | Reached skill level 6 in Axes
  1648 | D:2      | Noticed an ogre
  1652 | D:2      | Slain by an ogre

Skill      XL: |  1  2  3  4 |
---------------+-------------+-----
Axes           | 4 5 6 |  6.1
Fighting       | |  3.7
Armour         | |  2.7
Dodging        | |  2.3

Action                   |  1- 3 |  4- 6 || total
-------------------------+-------+-------++-------
Melee: Hand axe          |    91 |    19 ||   110
       Headbutt          |    14 |     2 ||    16
  Use: Potion            |     1 |       ||     1
  Eat: Chunk             |     1 |     1 ||     2
Armor: Animal skin       |    10 |       ||    10
       Ring mail         |     3 |     5 ||     8
Dodge: Dodged            |    48 |     7 ||    55
Block: Shield            |       |    10 ||    10
